Map: Central Protocol

Players

CalmOdin - Winner!

  • Race: Zerg Zerg

juhyg

  • Race: Protoss Protoss

VOD

Have the link to the VOD?

Description

Time

  • Played on: Nov. 15, 2015, 9:22 p.m.
  • Length: 8:07
Show
View Real Time Build Order
Export as new Build Order

CalmOdin Zerg - Winner!

Build Orders: Pool First 

Get SALT Encoding   

  12  0:05  Drone  
  13  0:18  Overlord  
  13  0:21  Drone  
  14  0:37  Drone  
  14  0:38  Drone  
  16  0:45  Spawning Pool  
  16  0:47  Drone  
  16  1:00  Drone  
  17  1:06  Drone  
  18  1:34  Hatchery  
  17  1:40  Zergling x2  
  17  1:41  Zergling x4  
  17  1:44  Queen  
  22  1:52  Extractor  
  21  1:57  Extractor  
  21  2:00  Drone  
  21  2:13  Drone  
  22  2:26  Overlord  
  22  2:43  Queen  
  24  2:45  Overlord x2  
  24  2:56  Drone x4  
  29  3:20  Drone x3  
  29  3:21  Queen  
  33  3:45  Metabolic Boost  
  33  3:52  Evolution Chamber  
  32  3:57  Evolution Chamber  
  31  4:10  Drone x2  
  31  4:11  Drone  
  34  4:17  Roach Warren  
  34  4:23  Zerg Missile Weapons Level 1  
  33  4:24  Zerg Ground Armor Level 1  
  33  4:35  Drone x2  
  33  4:37  Drone x3  
  38  4:42  Overlord  
  38  4:43  Overlord x2  
  38  5:06  Drone x4  
  42  5:14  Drone x4  
  42  5:15  Roach x4  
  42  5:16  Roach x3  
  60  5:40  Roach x6  
  72  5:46  Roach x2  
  72  5:48  Overlord x2  
  72  5:49  Overlord  
  71  7:11  Roach x2  
  71  7:13  Roach x5  
  85  7:42  Roach x6  
Show
View Real Time Build Order
Export as new Build Order

juhyg Protoss 

Build Orders:  

Get SALT Encoding   

  12  0:12  Pylon  
  12  0:47  Gateway  
  12  0:50  Assimilator  
  12  0:53  Pylon  
  12  1:14  Probe (Chrono Boost)  
  13  1:25  Probe (Chrono Boost)  
  14  1:35  Probe (Chrono Boost)  
  15  1:41  Pylon  
  15  1:43  Cybernetics Core  
  15  1:46  Probe (Chrono Boost)  
  16  1:56  Probe (Chrono Boost)  
  17  2:07  Probe (Chrono Boost)  
  18  2:13  Gateway  
  18  2:15  Gateway  
  18  2:16  Pylon  
  18  2:17  Probe (Chrono Boost)  
  19  2:27  Robotics Facility  
  20  2:34  Warp Gate (Chrono Boost)  
  19  2:40  Assimilator  
  21  3:01  Stalker  
  21  3:12  Probe  
  22  3:14  Warp Prism  
  24  3:24  Probe  
  25  3:36  Robotics Bay  
  25  3:52  Probe  
  26  4:25  Disruptor (Chrono Boost)  
  29  4:35  Gateway  
  29  4:40  Adept x2  
  29  4:43  Zealot  
  35  4:56  Disruptor (Chrono Boost)  
  38  5:06  Nexus  
  38  5:08  Assimilator  
  38  5:12  Assimilator  
  38  5:16  Probe  
  39  5:28  Probe, Immortal (Chrono Boost)  
  44  5:40  Probe  
  44  5:42  Pylon  
  45  5:52  Probe  
  46  6:02  Stalker x2  
  50  6:05  Probe  
  51  6:18  Probe  
  51  6:19  Probe  
  53  6:28  Probe  
  53  6:31  Probe  
  50  7:04  Adept x3  
  50  7:05  Probe  
  50  7:06  Probe  
  58  7:15  Probe  
  58  7:18  Probe  
  57  7:26  Probe  
  64  7:30  Probe  
  64  7:31  Stalker x2  
  64  7:36  Probe  
  70  7:52  Pylon  
  70  7:53  Pylon  
  70  7:54  Pylon  
Tags
 
Add a new tag
Caveats
  • Supply blocks, unpowered buildings, or Contaminate may cause inaccurate times.
  • Supply counts are checked every 10 seconds.